Match 46611439
Unlisted

Match 46611439
End
Pioneer Squad
Construct Infanterie Kompanie
Selects Terror Battlegroup
Selects Machine Gun Camouflage
Grenadier Squad
MG 42 Machine Gun Team
Grenadier Squad
MG 42 Machine Gun Team
Construct Luftwaffe Kompanie
Infanterie Officer Quarters
Jäger Squad
Flak 30 Anti-aircraft Gun Team
Medical Station
Jäger Squad
Luftwaffe Officer Quarters
Selects Defend the Fatherland
Construct Panzer Kompanie
Stoßtruppen Squad
Selects King Tiger Heavy Tank
King Tiger Heavy Tank
Pioneer Squad
Jäger Squad
Selects Contempt for the Weak
Pioneer Squad
Kettenkrad Recon Vehicle
Selects Propaganda Leaflet Drop
Propaganda Leaflet Drop
Jäger Squad
Jäger Squad
aSIISpanky
aSIIDemolitionHammer
赵天天001
Willham
0
0

Comments sign in to comment!

No comments posted yet!